 Dungeon Crawl Stone Soup version 0.31-a0-261-g072fdb8a1f (webtiles) character file.

Game seed: 13511432685176301366

7 qw the Shooter (level 1, -1/16 HPs)
             Began as a Minotaur Hexslinger on July 13, 2023.
             Slain by a gnoll
             ... wielding a +0 heavy spear
              (12 damage)
             ... on level 1 of the Dungeon.
             The game lasted 00:00:04 (157 turns).

qw the Shooter (Minotaur Hexslinger)                 Turns: 157, Time: 00:00:05

Health: -1/16      AC:  2    Str: 12    XL:     1   Next: 91%
Magic:  1/1        EV: 12    Int: 10    God:
Gold:   0          SH:  0    Dex: 12    Spells: 1/2 levels left

rFire   . . .        a - +1 sling
rCold   . . .        (no shield)
rNeg    . . .        c - +0 robe
rPois   .            (helmet restricted)
rElec   .            (no cloak)
rCorr   .            (no gloves)
SInv    .            (no boots)
Will    .....        (no amulet)
Stlth   +            (no ring)
HPRegen 0.22/turn    (no ring)
MPRegen 0.07/turn

%: no passive effects
@: no status effects
A: horns 2, retaliatory headbutt
a: no special abilities


You were on level 1 of the Dungeon.
You visited 1 branch of the dungeon, and saw 1 of its levels.


Innate Abilities, Weirdness & Mutations

You have a pair of horns on your head.
You reflexively headbutt those who attack you in melee.


   Skills:
 + Level 1.2 Fighting
 - Level 3.0 Ranged Weapons
 - Level 2.1 Dodging
 - Level 1.0 Spellcasting
 - Level 2.0 Hexes


You had one spell level left.
You knew the following spells:

 Your Spells              Type           Power      Damage    Failure   Level
a - Slow                  Hex            16%        N/A       16%         1

Your spell library contained the following spells:

 Spells                   Type           Power      Damage    Failure   Level
 Inner Flame              Hex/Fire       2%         N/A       56%         3
 Portal Projectile        Hex/Tloc       4%         N/A       56%         3
 Cause Fear               Hex            2%         N/A       83%         4

Inventory:

Hand Weapons
 a - a +1 sling (weapon)
Armour
 c - a +0 robe (worn)
Scrolls
 b - a scroll of poison
 e - a scroll of blinking {unknown}
Potions
 d - a potion of heal wounds {unknown}
 f - a potion of might {unknown}

Dungeon Overview and Level Annotations

Branches:
Dungeon (1/15)

Altars:


Message History

Enter note: You open the door.
There is an open door here.
e - a scroll labelled EMOR FITIRCHI;
f - a fizzy brown potion
Enter note: A bat comes into view.
Enter note:
Enter note: You shoot a sling bullet.
The sling bullet closely misses the bat.
You shoot a sling bullet. The sling bullet misses the bat.
The bat closely misses you. You furiously retaliate!
You headbutt the bat!
You kill the bat!
Your Ranged Weapons skill increases to level 3!
A gnoll comes into view. It is wielding a +0 heavy spear.
Enter note:
Enter note: You shoot a sling bullet.
The sling bullet hits the gnoll.
The gnoll is moderately wounded.
Found 2 silver javelins and 8 gold pieces.
Enter note:
Enter note: You shoot a sling bullet.
The sling bullet closely misses the gnoll.
A bat comes into view.
You shoot a sling bullet.
The sling bullet closely misses the bat.
The bat closely misses you.
The gnoll hits you from afar with a +0 heavy spear.
You shoot a sling bullet. The sling bullet hits the gnoll.
The gnoll is heavily wounded.
The bat closely misses you. You furiously retaliate!
You headbutt the bat. The gnoll closely misses you.
You shoot a sling bullet.
The sling bullet closely misses the gnoll.
The bat misses you. You furiously retaliate!
You headbutt the bat!
You kill the bat!
The gnoll hits you from afar with a +0 heavy spear!
Ouch! That really hurt!
You die...

#$.. #... #... #...
#... #...## ##
#....#..####
####@%......
#...#(g.....
#...#.......
#...#....#.. ##
#...#....#......#....
#...#...........#....
#...............#...
##..............#..#
#...%).........#..##


You could see a gnoll.

Vanquished Creatures
  A dart slug (D:1)
  3 bats (D:1)
  A giant cockroach (D:1)
  A ball python (D:1)
  A kobold (D:1)
7 creatures vanquished.

Notes
Turn   | Place    | Note
-------+----------+-------------------------------------------
     0 | D:1      | qw the Minotaur Hexslinger began the quest for the Orb.
     0 | D:1      | Reached XP level 1. HP: 16/16 MP: 1/1
     0 | D:1      | 0 ||| qw: Version: 0.3-a-52-g30416fa
     0 | D:1      | 0 ||| qw: Game counter: 7035
     0 | D:1      | 0 ||| qw: Melee chars always use a shield: true
     0 | D:1      | 0 ||| qw: God list: Okawaru
     0 | D:1      | 0 ||| qw: Allow faded altars: false
     0 | D:1      | 0 ||| qw: Do Orc after clearing Dungeon:15 true
     0 | D:1      | 0 ||| qw: Do second Lair branch before Depths: true
     0 | D:1      | 0 ||| qw: Lair rune preference: random
     0 | D:1      | 0 ||| qw: Goals: Normal
     0 | D:1      | 0 ||| PLANNING D:1-11
   143 | D:1      | Reached skill level 3 in Ranged Weapons
   157 | D:1      | Slain by a gnoll

Levels and vault maps discovered:
D:1:      erik_arrival_cave_to_civilisation [erik_arrival_cave_to_hall],
          layout_basic, minmay_close_crescents

Skill      XL: |  1 |
---------------+----+-----
Ranged Weapons | 3 |  3.0
Fighting       | |  1.2
Dodging        | |  2.1
Spellcasting   | |  1.0
Hexes          | |  2.0

Action                     || total
---------------------------++-------
   Fire: Sling             ||    20
 Armour: Robe              ||     2
  Dodge: Dodged            ||     8

Table legend:
 A = Non-vault XP
 B = Vault XP
 C = Vault XP percentage of total XP
 D = Non-vault monster count
 E = Vault monster count
 F = Vault count percentage of total count
                 A         B        C        D         E       F
            +---------+---------+-------+---------+---------+-------
      Total |       9 |       4 |  30.8 |       4 |       3 |  42.9
            +---------+---------+-------+---------+---------+-------
        D:1 |       9 |       4 |  30.8 |       4 |       3 |  42.9
            +---------+---------+-------+---------+---------+-------
